 Dungeon Crawl Stone Soup version 0.27-a0-385-g3208abaabc (webtiles) character file.

Game seed: 711367941324948082

93890 tygod the Swashbuckler (level 16, -7/97 HPs)
             Began as a Halfling Monk on Feb 18, 2021.
             Was a High Priest of Fedhas.
             Mangled by an alligator zombie (13 damage)
             ... on level 4 of the Swamp on Feb 19, 2021.
             The game lasted 02:09:49 (29780 turns).

tygod the Swashbuckler (Halfling Monk)             Turns: 29780, Time: 02:09:50

Health: -7/97      AC: 24    Str:  9    XL:     16   Next: 58%
Magic:  24/24      EV: 17    Int: 11    God:    Fedhas [*****.]
Gold:   1777       SH:  5    Dex: 30    Spells: 15/16 levels left

rFire    x x .     SeeInvis .   w - +10 quick blade
rCold    + + .     Faith    .   (shield restricted)
rNeg     . . .     Spirit   .   V - +2 ice dragon scales "Suitrir" {rF- rC++ Will- rCorr Int+3 Dex+4}
rPois    +         Reflect  +   o - +1 helmet
rElec    +         Harm     .   g - -2 cloak of the Cricket {rElec rF- Dex+6}
rCorr    +         Rampage  .   D - +0 pair of gloves of a treasure trove {rPois Str-5 Slay+4 Stlth+}
Will     .....                  d - +0 pair of boots
Stlth    +++.......             v - amulet of reflection
HPRegen  0.26/turn              u - ring of poison resistance
MPRegen  0.19/turn              L - +4 ring of protection

@: slowed, very slow
A: small, frail 1, mutation resistance 1, electricity resistance, weak 1
a: Renounce Religion, Wall of Briars, Grow Ballistomycete, Overgrow, Grow Oklob


You were on level 4 of the Swamp.
You worshipped Fedhas.
Fedhas was extremely pleased with you.
You visited 4 branches of the dungeon, and saw 25 of its levels.
You also visited: Bailey and Ice Cave.

You collected 1777 gold pieces.

Inventory:

Hand Weapons
 a - the +12 arbalest "Killer Klown's Curse" {vorpal, Will+ Dex+4}
   (You found it in an ice cave)

   Any bolt fired from it inflicts extra damage.
   It affects your dexterity (+4).
   It affects your willpower, your defense against some magical effects.
 w - a +10 quick blade (weapon)
Missiles
 m - 32 bolts
 s - 61 poisoned darts (quivered)
 y - 179 arrows
 C - 7 curare-tipped darts
 N - 5 atropa-tipped darts
Armour
 d - a +0 pair of boots (worn)
 g - the -2 cloak of the Cricket (worn) {rElec rF- Dex+6}
   (You found it on level 11 of the Dungeon)

   It affects your dexterity (+6).
   It makes you vulnerable to fire.
   It insulates you from electricity.
 o - a +1 helmet (worn)
 D - the +0 pair of gloves of a treasure trove (worn) {rPois Str-5 Slay+4 Stlth+}
   (You found it on level 2 of the Lair of Beasts)

   It affects your strength (-5).
   It affects your accuracy and damage with ranged weapons and melee attacks
   (+4).
   It protects you from poison.
   It makes you more stealthy.
 E - a +0 buckler
 V - the +2 ice dragon scales "Suitrir" (worn) {rF- rC++ Will- rCorr Int+3 Dex+4}
   (You found it in an ice cave)

   It affects your intelligence (+3).
   It affects your dexterity (+4).
   It makes you vulnerable to fire.
   It greatly protects you from cold.
   It affects your willpower, your defense against some magical effects.
   It provides partial protection from all sources of acid and corrosion.
 Z - a scarf of invisibility
Jewellery
 h - an amulet of regeneration
 n - a ring of willpower
 u - a ring of poison resistance (left hand)
 v - an amulet of reflection (around neck)
 L - a +4 ring of protection (right hand)
Wands
 G - a wand of random effects (75)
 H - a wand of flame (50)
 I - a wand of mindburst (11)
 K - a wand of acid (8)
 M - a wand of digging (7)
 O - a wand of charming (10)
 P - a wand of polymorph (15)
 U - a wand of paralysis (3)
Scrolls
 b - 2 scrolls of identify
 c - a scroll of blinking
 e - 2 scrolls of summoning
 i - 2 scrolls of enchant armour
 p - 4 scrolls of fear
 r - a scroll of holy word
 t - 3 scrolls of enchant weapon
 S - 2 scrolls of teleportation
 X - 3 scrolls of fog
Potions
 f - 2 potions of magic
 j - 3 potions of cancellation
 k - 5 potions of flight
 l - a potion of ambrosia
 q - 2 potions of mutation
 z - 5 potions of curing
 A - 3 potions of haste
 B - 4 potions of invisibility
 F - 2 potions of lignification
 J - a potion of berserk rage
 T - 4 potions of attraction
 W - 2 potions of brilliance
Miscellaneous
 x - a condenser vane
 Q - a tin of tremorstones (2/2)
 R - a phantom mirror
 Y - a phantom mirror


   Skills:
 + Level 9.7 Fighting
 * Level 16.2 Short Blades
 + Level 11.4 Bows
 * Level 14.7 Crossbows
 + Level 2.4 Throwing
 + Level 10.7 Armour
 + Level 8.1 Dodging
 + Level 4.8 Stealth
 + Level 3.8 Shields
 + Level 0.7 Spellcasting
 + Level 0.9 Conjurations
 + Level 1.1 Fire Magic
 * Level 11.3 Invocations
 + Level 0.4 Evocations


You had 15 spell levels left.
You knew the following spells:

 Your Spells              Type           Power        Failure   Level
a - Foxfire               Conj/Fire      8%           85%         1

Your spell library contained the following spells:

 Spells                   Type           Power        Failure   Level
 Corona                   Hex            0%           94%         1
 Sandblast                Erth           0%           94%         1
 Summon Small Mammal      Summ           0%           94%         1
 Passwall                 Tmut/Erth      0%           98%         2
 Slow                     Hex            0%           98%         2
 Inner Flame              Hex/Fire       1%           99%         3
 Stone Arrow              Conj/Erth      2%           99%         3
 Confusing Touch          Hex            0%           100%        3
 Gell's Gravitas          Tloc           0%           100%        3
 Portal Projectile        Hex/Tloc       0%           100%        3
 Cause Fear               Hex            0%           100%        4
 Leda's Liquefaction      Hex/Erth       0%           100%        4
 Petrify                  Tmut/Erth      0%           100%        4
 Summon Lightning Spire   Summ/Air       0%           100%        4
 Lee's Rapid Deconstruct  Erth           0%           100%        5
 Metabolic Englaciation   Hex/Ice        0%           100%        5
 Silence                  Hex/Air        0%           100%        5
 Yara's Violent Unravell  Hex/Tmut       0%           100%        5
 Conjure Ball Lightning   Conj/Air       0%           100%        6
 Discord                  Hex            0%           100%        8
 Tornado                  Air            0%           100%        9


Dungeon Overview and Level Annotations

Branches:
Dungeon (14/15)            Temple (0/1) D:5            Lair (6/6) D:10
  Swamp (4/4) Lair:2       Spider (1/4) Lair:2        Slime (0/5) Lair:5
    Orc (0/2) D:10         Vaults (0/5) D:13         Bailey (visited)
  IceCv (visited)

Altars:
Ashenzari
Dithmenos
Fedhas
Gozag
Hepliaklqana
Nemelex Xobeh
Okawaru
Ru
Sif Muna
Trog
Wu Jian
Xom
Yredelemnul
Zin
The Shining One

Shops:
D:9 =

Annotations:
D:9 2 transporters, Dazliare's ghost, novice HaAr
Lair:3 3 runed translucent doors, sahdkjhfkaj's ghost, journeyman DrEE


Innate Abilities, Weirdness & Mutations

You are small and have problems with some larger weapons.
You are somewhat resistant to further mutation.
You are frail. (-10% HP)
You are resistant to electric shocks. (rElec)
You are weak. (Str -2)


Message History

The alligator zombie is moderately damaged.
You puncture the alligator zombie!
The alligator zombie is heavily damaged.
The alligator zombie bites you but does no damage.
The alligator zombie tail-slaps you but does no damage.
Your ice dragon scales "Suitrir" prevents you from hitting the alligator zombie.
The alligator zombie is heavily damaged.
You hit the alligator zombie.
The alligator zombie is heavily damaged.
The alligator zombie closely misses you.
The alligator zombie tail-slaps you but does no damage.
You puncture the alligator zombie!
The alligator zombie is heavily damaged.
You puncture the alligator zombie!
The alligator zombie is severely damaged.
You hit the alligator zombie.
The alligator zombie is severely damaged.
The alligator zombie bites you!
* * * LOW HITPOINT WARNING * * *
The alligator zombie tail-slaps you but does no damage.
You puncture the alligator zombie!
The alligator zombie is almost destroyed.
You feel better. The alligator zombie misses you. x2
The alligator zombie bites you!
* * * LOW HITPOINT WARNING * * *
The alligator zombie tail-slaps you.
* * * LOW HITPOINT WARNING * * *
You hit the alligator zombie.
The alligator zombie is almost destroyed.
You barely miss the alligator zombie.
The alligator zombie is almost destroyed.
The alligator zombie bites you but does no damage.
You block the alligator zombie's attack.
You hit the alligator zombie.
The alligator zombie is almost destroyed.
You hit the alligator zombie but do no damage.
The alligator zombie is almost destroyed.
The alligator zombie bites you!
You die...
Fedhas appreciates your contribution to the ecosystem.

♣♣♣♣♣♣♣♣♣♣
♣♣@Z≈♣♣..≈♣♣♣♣♣
♣≈..≈.♣..†...≈♣♣
♣♣≈≈§(≈.≈††≈≈≈≈♣♣♣♣
♣♣.≈≈$≈≈≈≈(≈≈.≈♣..
♣♣♣..§≈≈≈≈(≈≈≈≈.≈
.≈♣....≈≈≈≈≈≈≈≈.
.≈.♣♣♣♣≈.≈.≈((§≈.
...≈ ♣♣♣♣♣.≈(≈..
≈..§ ♣......


You could see an alligator zombie.

Vanquished Creatures
  3 bunyips
  7 eleionomae
  3 vault guards (D:13)
  A ghost crab (Swamp:2)
  3 boulder beetles
  A merfolk avatar (Lair:6)
  11 hydras
  6 alligators
  3 two-headed ogres
  15 death yaks
  Sonja (D:13)
  Nergalle (Lair:4)
  2 spriggan druids
  2 goliath frogs (Swamp:2)
  An unseen horror (D:12)
  5 swamp dragons
  A wizard (D:13)
  6 bog bodies
  A harpy (Lair:6)
  A deep elf archer (D:13)
  3 orc knights
  An orb spider (Spider:1)
  2 ugly things (IceCv)
  2 wolf spiders (Spider:1)
  5 manticores
  A will-o-the-wisp (Swamp:3)
  4 elephants (Lair:6)
  Joseph (D:8)
  2 ice statues (IceCv)
  A torpor snail (Lair:6)
  4 black mambas
  10 cane toads
  6 rime drakes
  11 komodo dragons
  2 demonic crawlers (Lair:2)
  A yaktaur (D:13)
  An efreet (D:12)
  A tengu conjurer (D:13)
  A swamp worm zombie (Swamp:4)
  2 trolls
  7 polar bears
  A bloated husk (Swamp:1)
  Grinder (D:3)
  3 jumping spiders
  4 tyrant leeches
  10 hornets
  5 blink frogs (Lair:5)
  3 dream sheep (Lair:6)
  2 alligator zombies (Swamp:4)
  9 redbacks (Spider:1)
  A wraith (D:13)
  A shadow (D:7)
  5 spriggans
  8 wyverns
  17 yaks
  2 tarantellas (Spider:1)
  A basilisk (Lair:1)
  A human (D:13)
  10 swamp worms
  An acid dragon (D:10)
  14 water moccasins
  Duvessa (D:6)
  7 ice beasts
  10 orc warriors
  5 sky beasts
  6 ogres
  10 wolves
  5 centaurs
  A phantom (D:10)
  2 kobold brigands
  14 bullfrogs
  A gnoll sergeant (D:5)
  Dowan (D:6)
  A scorpion (D:12)
  40 killer bees
  20 wights
  2 electric eels
  A howler monkey (D:12)
  3 centaur zombies
  3 quasits
  A bullfrog zombie (D:9)
  7 hounds
  3 centaur skeletons
  A gnoll shaman (D:4)
  6 orc priests
  6 jellies
  A bullfrog skeleton (D:12)
  4 iguanas
  4 worker ants
  12 orc wizards
  4 hell rats (Lair:5)
  A killer bee zombie (D:10)
  A worker ant zombie (D:6)
  10 gnolls
  11 adders
  7 river rats (Lair:5)
  A white imp (D:6)
  2 ufetubi
  2 oozes
  2 adder zombies
  An adder skeleton (D:9)
  A dart slug (D:1)
  4 leopard geckos
  89 orcs
  A ball python (D:1)
  9 bats
  17 giant cockroaches
  4 goblins
  5 hobgoblins
  15 jackals
  5 quokkas
  5 frilled lizards
  A jackal skeleton (D:8)
  16 kobolds
  A leopard gecko skeleton (D:4)
  A leopard gecko zombie (D:7)
  2 quokka skeletons
  9 rats
  A ballistomycete spore (Lair:6)
647 creatures vanquished.

Vanquished Creatures (collateral kills)
  2 hydras
  A ghost crab (Swamp:3)
  An alligator (Swamp:1)
  A will-o-the-wisp (Swamp:3)
  An elephant (Lair:6)
  An ice statue (IceCv)
  A komodo dragon (D:10)
  A hornet (Swamp:1)
  A tyrant leech (Swamp:3)
  A spriggan (Swamp:1)
  2 basilisks (D:10)
  4 swamp worms
  An orc warrior (Bailey)
  An ogre (D:10)
  11 ballistomycete spores
30 creatures vanquished.

Vanquished Creatures (others)
  A thorn hunter (Swamp:4)
  A bloated husk (Swamp:2)
  A swamp worm (Swamp:3)
  A bullfrog (Lair:1)
  2 ballistomycete spores (Swamp:3)
  A bush (Lair:1)
  17 foxfires
  53 fungi
  89 plants
166 creatures vanquished.

Grand Total: 843 creatures vanquished

Notes
Turn   | Place    | Note
-------+----------+-------------------------------------------
     0 | D:1      | tygod the Halfling Monk began the quest for the Orb.
     0 | D:1      | Reached XP level 1. HP: 15/15 MP: 1/1
   127 | D:1      | Reached XP level 2. HP: 20/20 MP: 2/2
   200 | D:1      | Reached skill level 4 in Short Blades
   200 | D:1      | Reached XP level 3. HP: 24/25 MP: 3/3
  1327 | D:2      | Reached XP level 4. HP: 31/31 MP: 4/4
  1870 | D:3      | Found a bloodstained altar of Trog.
  1878 | D:3      | Reached skill level 1 in Armour
  1999 | D:3      | Noticed Grinder
  2065 | D:3      | Paralysed by Grinder for 2 turns
  2096 | D:3      | Paralysed by Grinder for 3 turns
  2100 | D:3      | Killed Grinder
  2101 | D:3      | Reached skill level 5 in Short Blades
  2101 | D:3      | Reached skill level 1 in Throwing
  2101 | D:3      | Reached XP level 5. HP: 31/36 MP: 5/5
  2101 | D:3      | Reached XP level 6. HP: 36/42 MP: 6/6
  2394 | D:3      | Found a shadowy altar of Dithmenos.
  2398 | D:3      | Found a glowing golden altar of the Shining One.
  2398 | D:3      | Found a sacrificial altar of Ru.
  2398 | D:3      | Found an iron altar of Okawaru.
  2399 | D:3      | Found a blossoming altar of Fedhas.
  2452 | D:3      | Became a worshipper of Fedhas Madash
  2452 | D:3      | Reached * piety under Fedhas
  2452 | D:3      | Reached ** piety under Fedhas
  3024 | D:4      | Noticed an ogre
  3025 | D:4      | Reached skill level 6 in Short Blades
  3025 | D:4      | Reached XP level 7. HP: 46/46 MP: 7/7
  3416 | D:5      | Entered Level 5 of the Dungeon
  3416 | D:5      | Found a staircase to the Ecumenical Temple.
  3564 | D:5      | Found a sparkling altar of Nemelex Xobeh.
  3767 | D:5      | Reached *** piety under Fedhas
  3768 | D:5      | Reached skill level 7 in Short Blades
  3770 | D:5      | Reached XP level 8. HP: 42/47 MP: 8/8
  3811 | D:5      | Found a basalt altar of Yredelemnul.
  4192 | D:6      | Reached skill level 5 in Dodging
  4239 | D:6      | Noticed Duvessa
  4261 | D:6      | Killed Duvessa
  4275 | D:6      | Found a bloodstained altar of Trog.
  4282 | D:6      | Noticed Dowan
  4297 | D:6      | Found a shimmering blue altar of Sif Muna.
  4322 | D:6      | Killed Dowan
  4335 | D:6      | Identified Sif Muna's Incunabulum of Creative Fire
  4339 | D:6      | Learned a level 1 spell: Foxfire
  4387 | D:6      | Reached skill level 8 in Short Blades
  4566 | D:6      | Reached skill level 1 in Bows
  4777 | D:6      | Reached XP level 9. HP: 57/60 MP: 9/9
  5129 | D:6      | Reached skill level 5 in Fighting
  5192 | D:6      | Reached skill level 1 in Fire Magic
  5339 | D:6      | Reached **** piety under Fedhas
  5755 | D:7      | Found an ornate altar of the Wu Jian Council.
  5755 | D:7      | Found a hazy altar of Hepliaklqana.
  5759 | D:7      | Found a shimmering altar of Xom.
  5761 | D:7      | Found a glowing silver altar of Zin.
  6289 | D:7      | Found a broken altar of Ashenzari.
  6367 | D:7      | HP: 2/61 [shadow (8)]
  6371 | D:7      | Reached skill level 5 in Bows
  6371 | D:7      | Reached XP level 10. HP: 25/66 MP: 11/11
  6583 | D:8      | Found a flagged portal.
  6598 | Bailey   | Entered a bailey
  6619 | Bailey   | Reached skill level 9 in Short Blades
  6619 | Bailey   | Reached skill level 5 in Armour
  6909 | Bailey   | Noticed an orc knight
  6932 | Bailey   | Reached skill level 1 in Invocations
  6987 | Bailey   | Killed an orc knight
  7084 | Bailey   | Noticed an orc knight
  7085 | Bailey   | Noticed an orc knight
  7261 | D:8      | Found a shimmering blue altar of Sif Muna.
  7674 | D:8      | Noticed Joseph
  7692 | D:8      | Killed Joseph
  8259 | D:9      | Gained mutation: You are resistant to electric shocks.
                  | (rElec) [potion of mutation]
  8259 | D:9      | Gained mutation: You are weak. (Str -2) [potion of
                  | mutation]
  8287 | D:9      | Found Ejed's Jewellery Emporium.
  8400 | D:9      | Found a transporter.
  8411 | D:9      | Found a transporter.
  8411 | D:9      | Noticed Dazliare's ghost (novice HaAr)
  8428 | D:9      | Reached ***** piety under Fedhas
  9068 | D:10     | Entered Level 10 of the Dungeon
  9115 | D:10     | Noticed a two-headed ogre
  9269 | D:10     | Reached XP level 11. HP: 61/63 MP: 13/13
  9684 | D:10     | Noticed a two-headed ogre
  9779 | D:9      | Identified a scroll of acquirement
  9779 | D:9      | Acquired a manual of Short Blades
 10430 | D:10     | Found an opulent altar of Gozag.
 10660 | D:10     | Found a staircase to the Lair.
 10864 | D:10     | Killed a two-headed ogre
 10865 | D:10     | Reached skill level 10 in Bows
 11146 | D:10     | Found a staircase to the Orcish Mines.
 11348 | Lair:1   | Entered Level 1 of the Lair of Beasts
 11438 | Lair:1   | Reached skill level 5 in Invocations
 11807 | Lair:1   | Reached XP level 12. HP: 71/81 MP: 16/16
 11974 | Lair:1   | Found a frozen archway.
 11991 | Lair:1   | Reached skill level 10 in Short Blades
 12023 | IceCv    | Entered an ice cave
 12432 | IceCv    | Got encrusted ice dragon scales
 12442 | IceCv    | Identified the +2 ice dragon scales "Suitrir" {rF- rC++
                  | Will- rCorr Int+3 Dex+4} (You found it in an ice cave)
 12466 | IceCv    | Got a steaming arbalest
 12476 | IceCv    | Identified the +12 arbalest "Killer Klown's Curse" {vorpal,
                  | Will+ Dex+4} (You found it in an ice cave)
 12578 | Lair:1   | Noticed a seven-headed hydra
 12640 | Lair:1   | HP: 4/81 [seven-headed hydra (11)]
 12670 | Lair:2   | Found a staircase to the Swamp.
 13209 | D:11     | Reached skill level 1 in Crossbows
 13667 | D:11     | Got a shimmering cloak
 13677 | D:11     | Identified the -2 cloak of the Cricket {rElec rF- Dex+6}
                  | (You found it on level 11 of the Dungeon)
 14343 | D:12     | Acquired a +10 quick blade
 14488 | D:12     | Noticed a two-headed ogre
 14500 | D:12     | Killed a two-headed ogre
 14548 | D:12     | Noticed a two-headed ogre
 14569 | D:12     | Killed a two-headed ogre
 14908 | D:12     | Killed an unseen horror
 15187 | D:12     | Noticed a boulder beetle
 15251 | D:12     | Killed a boulder beetle
 15252 | D:12     | Reached skill level 11 in Short Blades
 15435 | D:13     | Noticed a vault guard
 15439 | D:13     | Reached XP level 13. HP: 71/88 MP: 18/18
 15450 | D:13     | Reached skill level 5 in Crossbows
 15865 | D:13     | Noticed Sonja
 15867 | D:13     | Killed Sonja
 15989 | D:13     | Noticed a vault guard
 16026 | D:13     | Killed a vault guard
 16049 | D:13     | Killed a vault guard
 16050 | D:13     | Reached skill level 12 in Short Blades
 16435 | D:13     | Found a gate to the Vaults.
 16435 | D:13     | Noticed a vault guard
 16471 | D:13     | Killed a vault guard
 17442 | Lair:1   | Killed a seven-headed hydra
 17821 | Lair:2   | Reached skill level 1 in Shields
 18395 | Lair:2   | Got a pair of warped gloves
 18400 | Lair:2   | Identified the +0 pair of gloves of a treasure trove {rPois
                  | Str-5 Slay+4 Stlth+} (You found it on level 2 of the Lair
                  | of Beasts)
 18468 | Lair:2   | Found a hole to the Spider Nest.
 18989 | Lair:2   | Noticed a five-headed hydra
 19000 | Lair:2   | Killed a five-headed hydra
 19001 | Lair:2   | Reached XP level 14. HP: 74/95 MP: 20/20
 19240 | Lair:3   | Noticed sahdkjhfkaj's ghost (journeyman DrEE)
 19253 | Lair:3   | Reached skill level 13 in Short Blades
 19302 | Lair:3   | You fall into a shaft and drop 3 floors!
 19302 | Lair:6   | Entered Level 6 of the Lair of Beasts
 19583 | Lair:3   | Reached skill level 10 in Crossbows
 19727 | Lair:3   | Found a runed translucent gate.
 19727 | Lair:3   | Found a runed translucent gate.
 19727 | Lair:3   | Found a runed translucent gate.
 19740 | Lair:3   | Noticed a minotaur
 19847 | Lair:3   | Got a polished shortbow
 19847 | Lair:3   | Identified the +5 shortbow "Worm's Wrath" {freeze, rC+++
                  | MP+9 Str-5 Dex+4} (You found it on level 3 of the Lair of
                  | Beasts)
 20307 | Lair:4   | Noticed Nergalle
 20335 | Lair:4   | Killed Nergalle
 20968 | Lair:5   | Reached skill level 14 in Short Blades
 21419 | Lair:5   | Reached ****** piety under Fedhas
 22008 | Lair:5   | Found a staircase to the Slime Pits.
 22738 | Lair:6   | Reached XP level 15. HP: 101/101 MP: 19/22
 23141 | Lair:6   | Got a twisted hand crossbow
 23141 | Lair:6   | Identified the +6 hand crossbow of Fortitude {penet,
                  | *Contam rElec rF+++ Dex-5} (You found it on level 6 of the
                  | Lair of Beasts)
 23155 | Lair:6   | Gained mutation: You are frail. (-10% HP) [mutagenic glow]
 23841 | Lair:6   | Reached skill level 15 in Short Blades
 24220 | Spider:1 | Entered Level 1 of the Spider Nest
 24227 | Spider:1 | Reached skill level 10 in Invocations
 25122 | Swamp:1  | Entered Level 1 of the Swamp
 25135 | Swamp:1  | Found an iron altar of Okawaru.
 25373 | Swamp:1  | Reached skill level 10 in Armour
 26905 | Swamp:2  | Reached XP level 16. HP: 77/97 MP: 23/23
 27412 | Swamp:1  | Acquired a scarf of invisibility
 28060 | Swamp:1  | Reached skill level 16 in Short Blades
 29270 | Swamp:4  | Entered Level 4 of the Swamp
 29688 | Swamp:4  | Killed a thorn hunter
 29780 | Swamp:4  | Mangled by an alligator zombie

Illustrated notes

Levels and vault maps discovered:
D:1:      evilmike_arrival_fibonacci_small, layout_loops_ring,
          minmay_misc_feat_encased, st_stairs_7
D:2:      minmay_roachtagon, layout_loops_ring
D:3:      layout_basic, grunt_temple_overflow_open, bloody_trog, uniq_grinder
D:4:      layout_loops_ring
D:5:      layout_rooms, general_overflow_altar, minmay_temple_entry_junction,
          amcnicky_mini_corridor_feature, yredelemnul_altar_generic
D:6:      layout_loops_corners, nzn_overflow_gifts_of_might_and_magic,
          serial_aquarium, aquarium_bridge_square [aquarium_subvault_bridge,
          aquarium_subvault_wall, aquarium_subvault_wall,
          aquarium_subvault_bridge], aquarium_window_corridor_3,
          aquarium_window_2, aquarium_window_fake, aquarium_window_1,
          aquarium_view_2a
D:7:      layout_basic, chequers_temple_overflow_statue_of_worship,
          nicolae_overflow_crystal_walls
D:8:      layout_layer_cave, enter_bailey_2, led_sif_pool, uniq_joseph
D:9:      layout_long_grid, serial_shops, nicolae_shop_window_shopping,
          gammafunk_ghost_mausoleum
D:10:     layout_long_grid, erik_lair_dragon, hiddenorc1_lemuel,
          minmay_misc_feat_square, nicolae_gozag_cash_rules_everything_around_me
D:11:     layout_stronghold, fountainhead, kennysheep_dice
D:12:     layout_irregular_city
D:13:     layout_roguey, grunt_vaults_entry_fortified, uniq_sonja
D:14:     layout_stronghold, hangedman_decor_cross_pass, serial_rivers,
          chequers_serial_rivers_micro_c, chequers_serial_rivers_room_a,
          chequers_serial_rivers_small_3, chequers_serial_rivers_large_a,
          chequers_serial_rivers_small_b, chequers_serial_rivers_micro_a,
          enter_trove_1, elyvilon_altar_3
Lair:1:   layout_loops_ring, portal_ice_cave_rime, minmay_lair_oklob_chamber,
          serial_bayou_shore_a, infiniplex_staircase_pool_2, grunt_megastairs_4,
          lemuel_fruit_tree
Lair:2:   layout_layer_cave, swamp_mist, dummy_spider_entry, minivault_27,
          serial_bayou_shore_b
Lair:3:   layout_cave_shapes, maelrawn_ghost_gauntlet_escape
Lair:4:   layout_hall_layers, chequers_serial_rivers_marsh, uniq_nergalle
Lair:5:   layout_regular_city, nicolae_slime_entry_slimehenge,
          kennysheep_abandoned_house
Lair:6:   gammafunk_lair_ancient_temple, layout_regular_city,
          lemuel_old_faithful
Swamp:1:  layout_basic_swamp, lemuel_altar_in_water, swamp_pool3
Swamp:2:  layout_basic_swamp, hangedman_swamp_pad
Swamp:3:  layout_falls_marsh, nicolae_swamp_round_clearing
Swamp:4:  swamp_pestilence, layout_basic_swamp
Spider:1: layout_spider_delve, einodemon_crawler_minivault

Skill      XL: |  1  2  3  4  5  6  7  8  9 10 11 12 13 14 15 16 |
---------------+-------------------------------------------------+-----
Short Blades   | 4 5 6 7 8 9 11 12 14 15 16 | 16.2
Fighting       | 3 4 5 6 7 8 9 |  9.7
Armour         | 2 3 4 6 7 8 9 10 | 10.7
Throwing       | 1 2 |  2.4
Dodging        | 4 5 6 7 8 |  8.1
Stealth        | 3 4 |  4.8
Bows           | 1 5 9 10 11 | 11.4
Fire Magic     | 1 |  1.1
Invocations    | 2 5 7 8 9 10 11 | 11.3
Crossbows      | 4 9 12 14 | 14.7
Shields        | 1 2 3 |  3.8
Spellcasting   | |  0.7
Conjurations   | |  0.9
Evocations     | |  0.4

Action                   |  1- 3 |  4- 6 |  7- 9 | 10-12 | 13-15 | 16-18 || total
-------------------------+-------+-------+-------+-------+-------+-------++-------
Melee: Short sword       |   109 |   143 |     1 |       |       |       ||   253
       Rapier            |       |    76 |   177 |       |       |       ||   253
       Dagger            |       |       |   396 |   824 |       |       ||  1220
       Quick blade       |       |       |       |   106 |   602 |   311 ||  1019
 Fire: Shortbow          |       |       |    83 |   561 |     4 |       ||   648
       Arbalest          |       |       |       |    71 |   496 |    44 ||   611
       Hand crossbow     |       |       |       |       |     2 |       ||     2
Throw: Stone             |       |    13 |       |     3 |       |       ||    16
       Dart              |       |     9 |       |       |     6 |    20 ||    35
 Cast: Foxfire           |       |       |     8 |       |       |       ||     8
Invok: Wall of Briars    |       |       |       |    12 |    17 |     4 ||    33
       Overgrow          |       |       |       |     3 |       |       ||     3
       Grow Ballistomyce |       |       |       |     2 |     3 |       ||     5
       Grow Oklob        |       |       |       |     1 |     3 |     1 ||     5
Evoke: Wand              |       |       |       |     2 |     2 |       ||     4
       Tin of tremorston |       |       |       |     2 |       |       ||     2
       Condenser vane    |       |       |       |       |     1 |       ||     1
  Use: Scroll            |       |     5 |     3 |    21 |    19 |     1 ||    49
       Potion            |       |     2 |     4 |    11 |     9 |     1 ||    27
 Stab: Sleeping          |     4 |     3 |     3 |       |       |       ||    10
       Confused          |       |       |       |       |     1 |       ||     1
Armor: Robe              |     1 |       |       |       |       |       ||     1
       Leather armour    |    13 |    27 |    48 |       |       |       ||    88
       Ring mail         |       |    11 |    54 |       |       |       ||    65
       Gold dragon scale |       |       |    84 |   747 |       |       ||   831
       Ice dragon scales |       |       |       |   157 |   159 |   121 ||   437
Dodge: Dodged            |    70 |   143 |   387 |   542 |   311 |   133 ||  1586
Block: Other             |       |       |       |       |    85 |    32 ||   117
       Reflection        |       |       |       |       |     1 |       ||     1

Table legend: (Time is in decaauts)
 A = Elapsed time spent in this place.
 B = Non-inter-level travel time spent in this place.
 C = Inter-level travel time spent in this place.
 D = Time resting spent in this place.
 E = Time spent auto-exploring this place.
 F = Levels seen in this place.
 G = Mean time per level.
                   A        B        C        D        E       F      G
               +--------+--------+--------+--------+--------+-----+--------+
         Total |  29132 |  27375 |   1757 |   4314 |  13966 |  27 | 1079.0 |
       Dungeon |  14662 |  13521 |   1141 |    731 |   8349 |  14 | 1047.3 |
          Lair |   8698 |   8294 |    404 |   1739 |   4233 |   6 | 1449.7 |
         Swamp |   4679 |   4468 |    211 |   1631 |   1280 |   4 | 1169.8 |
   Spider Nest |    115 |    115 |      0 |      0 |     45 |   1 |  115.0 |
        Bailey |    512 |    512 |      0 |     80 |     51 |   1 |  512.0 |
      Ice Cave |    463 |    463 |      0 |    132 |      8 |   1 |  463.0 |
               +--------+--------+--------+--------+--------+-----+--------+

Top non-repeatable levels by time:
 Swamp:1: 2051 daAuts
  Lair:2: 2037 daAuts
  Lair:5: 1901 daAuts
    D:10: 1887 daAuts
  Lair:1: 1660 daAuts
  Lair:6: 1570 daAuts
    D:13: 1469 daAuts
    D:11: 1461 daAuts
 Swamp:2: 1376 daAuts
     D:6: 1360 daAuts
    D:12: 1244 daAuts
     D:8: 1125 daAuts
     D:9: 1041 daAuts
     D:1: 1020 daAuts
     D:3: 845 daAuts
